 Dungeon Crawl Stone Soup version 0.24-a0-536-gdd4cf15266 (webtiles) character file.

Game seed: 17311247913497387665

236 Peloso the Shield-Bearer (level 5, -1/47 HPs)
             Began as a Minotaur Fighter on Aug 11, 2019.
             Slain by Blork the orc
             ... wielding a +0 battleaxe
              (4 damage)
             ... on level 4 of the Dungeon.
             The game lasted 00:05:36 (2861 turns).

Peloso the Shield-Bearer (Minotaur Fighter)         Turns: 2861, Time: 00:05:36

Health: -1/47      AC:  8    Str: 24    XL:     5   Next: 77%
Magic:  4/4        EV:  8    Int:  5    God:
Gold:   200        SH: 10    Dex: 10    Spells: 4/4 levels left

rFire    . . .     SeeInvis .   a - +0 long sword
rCold    . . .     Gourm    .   c - +0 shield
rNeg     . . .     Faith    .   b - +0 scale mail
rPois    .         Spirit   .   (helmet restricted)
rElec    .         Reflect  .   (no cloak)
rCorr    .         Harm     .   n - +0 pair of gloves
MR       .....                  (no boots)
Stlth    ..........             (no amulet)
HPRegen  0.15/turn              h - +3 ring of strength
MPRegen  0.09/turn              (no ring)

@: no status effects
A: retaliatory headbutt, horns 2
a: no special abilities


You were on level 4 of the Dungeon.
You were hungry.

You visited 1 branch of the dungeon, and saw 4 of its levels.

You collected 200 gold pieces.

Inventory:

Hand Weapons
 a - a +0 long sword (weapon)
Armour
 b - a +0 scale mail (worn)
 c - a +0 shield (worn)
 n - a +0 pair of gloves (worn)
Jewellery
 h - a +3 ring of strength (left hand)
Scrolls
 e - 2 scrolls of fear
 i - a scroll of remove curse
 j - 2 scrolls of identify {unknown}
 k - a scroll of teleportation
 l - a scroll of amnesia {unknown}
 o - a scroll of fog {unknown}
 q - 3 scrolls of enchant weapon {unknown}
 t - a scroll of random uselessness {unknown}
Potions
 d - a potion of might
 m - a potion of brilliance {unknown}
 p - 3 potions of degeneration {unknown}
 r - 2 potions of curing {unknown}
 s - a potion of heal wounds {unknown}
Comestibles
 f - 6 rations


   Skills:
 + Level 4.4 Fighting
 + Level 4.3 Long Blades
 + Level 4.9 Armour
 + Level 1.3 Dodging
 + Level 0.5 Stealth
 + Level 5.0 Shields


You had 4 spell levels left.
You didn't know any spells.
Your spell library was empty.

Dungeon Overview and Level Annotations

Branches:
Dungeon (4/15)
 Temple: D:4-7

Altars:
Elyvilon

Shops:
D:4 *

Annotations:
D:4 Blork the orc


Innate Abilities, Weirdness & Mutations

You reflexively headbutt those who attack you in melee.
You have a pair of horns on your head.


Message History

You closely miss Blork the orc. Your headbutt misses Blork the orc.
Blork the orc is moderately wounded.
You feel sick.
You are no longer poisoned.
Blork the orc hits you with a +0 battleaxe.
* * * LOW HITPOINT WARNING * * *
You hit Blork the orc.
Blork the orc is heavily wounded.
Blork the orc hits you with a +0 battleaxe.
* * * LOW HITPOINT WARNING * * *
You hit Blork the orc. You headbutt Blork the orc.
Blork the orc is heavily wounded.
Blork the orc barely misses you. You furiously retaliate!
You headbutt Blork the orc.
You riposte.
You hit Blork the orc. Your headbutt misses Blork the orc.
Blork the orc is almost dead.
You hit Blork the orc but do no damage. Your headbutt misses Blork the orc.
Blork the orc is almost dead.
Blork the orc hits you with a +0 battleaxe.
You die...

#..########## #.#
#).........# ###.#
#.........# ...>#
#.........#
....######......∩..#
...................####
....# #............#
....#### #..........##
.......# #......@..##
###.##.###.......o......
##.................###.#
....####.!...........
###.#########..####...
......##### #%..# .....
#.......%.# #.#..# ....
#.........# .. #.# .###
#..(....... .#


You could see Blork the orc.

Vanquished Creatures
  2 orc priests (D:3)
  An orc wizard (D:3)
  A worker ant (D:4)
  3 adders
  2 worms (D:3)
  4 leopard geckos
  5 orcs (D:3)
  3 giant cockroaches
  4 hobgoblins
  4 jackals
  3 quokkas
  2 ball pythons
  12 bats
  7 frilled lizards
  14 goblins
  9 kobolds
  14 rats
90 creatures vanquished.

Notes
Turn   | Place    | Note
-------+----------+-------------------------------------------
     0 | D:1      | Peloso the Minotaur Fighter began the quest for the Orb.
     0 | D:1      | Reached XP level 1. HP: 19/19 MP: 0/0
   193 | D:1      | Reached XP level 2. HP: 27/27 MP: 1/1
   868 | D:1      | Reached skill level 4 in Shields
  1244 | D:2      | Reached XP level 3. HP: 33/33 MP: 2/2
  1320 | D:2      | Found a white marble altar of Elyvilon.
  1790 | D:3      | Reached XP level 4. HP: 20/40 MP: 3/3
  1964 | D:3      | Reached skill level 1 in Dodging
  2054 | D:3      | Reached XP level 5. HP: 31/46 MP: 4/4
  2816 | D:4      | Reached skill level 5 in Shields
  2834 | D:4      | Found Kimm's Lightly-Used Armoury.
  2847 | D:4      | Noticed Blork the orc
  2861 | D:4      | Slain by Blork the orc

Levels and vault maps discovered:
D:1:      kennysheep_arrival_seaside, layout_basic,
          minmay_misc_feat_four_crosses
D:2:      layout_basic, overflow_temple_1_default, minmay_increasing_density
D:3:      layout_loops_ring
D:4:      layout_rooms, serial_shops, shop, minmay_shop_damaged, tgw_fedhas,
          uniq_blork_the_orc

Skill      XL: |  1  2  3  4  5 |
---------------+----------------+-----
Armour         | 4 |  4.9
Fighting       | 4 |  4.4
Shields        | 4 5 |  5.0
Long Blades    | 3 4 |  4.3
Dodging        | 1 |  1.3
Stealth        | |  0.5

Action                   |  1- 3 |  4- 6 || total
-------------------------+-------+-------++-------
Melee: Long sword        |   123 |   105 ||   228
       Headbutt          |    18 |    14 ||    32
  Use: Scroll            |       |     4 ||     4
  Eat: Chunk             |     2 |     4 ||     6
Armor: Scale mail        |    84 |    44 ||   128
Dodge: Dodged            |    48 |    33 ||    81
Block: Shield            |    77 |    65 ||   142
       Rpst.: Long sword |    11 |     9 ||    20

Table legend:
 A = Non-vault XP
 B = Vault XP
 C = Vault XP percentage of total XP
 D = Non-vault monster count
 E = Vault monster count
 F = Vault count percentage of total count
                 A         B        C        D         E       F
            +---------+---------+-------+---------+---------+-------
      Total |     314 |      24 |   7.1 |      83 |       7 |   7.8
            +---------+---------+-------+---------+---------+-------
        D:1 |      37 |       0 |   0.0 |      26 |       0 |   0.0
        D:2 |      24 |      24 |  50.0 |      17 |       7 |  29.2
        D:3 |     220 |       0 |   0.0 |      38 |       0 |   0.0
        D:4 |      33 |       0 |   0.0 |       2 |       0 |   0.0
            +---------+---------+-------+---------+---------+-------
